 Dungeon Crawl Stone Soup version 0.18-a0-1372-gd644665 (webtiles) character file.

109 M4edhros the Insei (level 4, -2/31 HPs)
             Began as an Octopode Monk on Feb 21, 2016.
             Slain by Crazy Yiuf
             ... wielding a +3 quarterstaff of chaos
              (3 damage)
             ... on level 3 of the Dungeon.
             The game lasted 00:01:45 (1703 turns).

M4edhros the Insei (Octopode Monk)                  Turns: 1703, Time: 00:01:46

Health: -2/31      AC:  1    Str: 10    XL:     4   Next: 90%
Magic:  0/4        EV: 12    Int: 12    God:
Gold:   175        SH:  3    Dex: 15    Spells: 0 memorised, 3 levels left

rFire  . . .     SeeInvis .       - Unarmed
rCold  . . .     Gourm    .     r - +0 buckler
rNeg   . . .     Faith    .     (helmet restricted)
rPois  .         Spirit   .     (no amulet)
rElec  .         Dismiss  .     (no ring)
rCorr  .         Reflect  .     (no ring)
SustAt .         Harm     .     (no ring)
MR     .....                    (no ring)
Stlth  +++.......               (no ring)
                                (no ring)
                                (no ring)
                                (no ring)

@: not resistant to hostile enchantments, fairly stealthy
A: almost no armour, amphibious, 8 rings, constrict 8, camouflage 1, gelatinous
body 1
a: no special abilities


You were on level 3 of the Dungeon.
You were not hungry.

You visited 1 branch of the dungeon, and saw 3 of its levels.

You collected 175 gold pieces.

Inventory:

Hand Weapons
 s - a +0 hunting sling
Missiles
 t - 12 stones (quivered)
Armour
 r - a +0 buckler (worn)
Jewellery
 j - a cursed ring of teleportation {unknown}
Scrolls
 b - 4 scrolls of identify {unknown}
 d - a scroll of amnesia {unknown}
 e - a scroll of remove curse {unknown}
 f - a scroll of recharging {unknown}
 h - a scroll of random uselessness {unknown}
 i - a scroll of enchant weapon {unknown}
 k - a scroll of magic mapping {unknown}
 m - a scroll of blinking {unknown}
 n - 2 scrolls of teleportation {unknown}
 p - 2 scrolls of fear {unknown}
 x - a scroll of immolation {unknown}
 y - a scroll of noise {unknown}
Potions
 l - 3 potions of berserk rage {unknown}
 o - a potion of mutation {unknown}
 q - 2 potions of brilliance {unknown}
 u - a potion of ambrosia {unknown}
 v - a potion of might {unknown}
 w - a potion of degeneration {unknown}
 z - a potion of curing {unknown}
Comestibles
 a - a bread ration
 c - a beef jerky


   Skills:
 - Level 3.0 Fighting
 - Level 3.0 Dodging
 - Level 2.6 Stealth
 + Level 6.0 Unarmed Combat


You had 3 spell levels left.
You didn't know any spells.

Dungeon Overview and Level Annotations

Branches:
Dungeon (3/15)

Altars:
Ashenzari
Fedhas
Qazlal

Annotations:
D:3 Crazy Yiuf


Innate Abilities, Weirdness & Mutations

You cannot wear most types of armour.
You are amphibious.
You can wear up to eight rings at the same time.
You can use your tentacles to constrict eight enemies at once.
Your skin changes colour to match your surroundings (Stealth).
Your rubbery body absorbs attacks (AC +1).


Message History

Crazy Yiuf hits you with a quarterstaff of chaos!
* * * LOW HITPOINT WARNING * * *
Drink which item? (? for menu, Esc to quit)
You feel much better.
You constrict Crazy Yiuf.
Crazy Yiuf whimpers, "Blight childish dark!"
Crazy Yiuf hits you with a quarterstaff of chaos!
You feel your power leaking away.
Your shield prevents you from hitting Crazy Yiuf.
You tentacle-slap Crazy Yiuf, but do no damage.
Crazy Yiuf is moderately wounded.
You constrict Crazy Yiuf, but do no damage.
Crazy Yiuf hits you with a quarterstaff of chaos!
You tentacle-slap Crazy Yiuf but do no damage.
You squeeze Crazy Yiuf, but do no damage.
Crazy Yiuf is moderately wounded.
You constrict Crazy Yiuf.
Crazy Yiuf hits you with a quarterstaff of chaos!
* * * LOW HITPOINT WARNING * * *
Crazy Yiuf burns you.
You die...

#......#
#≈.≈.
##.....#
#≈.≈≈
#.....#
#≈...
#######
#≈≈≈≈ #####
##### #.#
#..)# #.#
#.g.# #.#
#.@.#
#####.##
##.##
#......#
##.#
#.###...
#.## #.#
#... ##.#
#####.###...
#.##
#..........#
##.##
#.#######...
#...## #.#
#### #....#
#.#


You could see Crazy Yiuf.

Vanquished Creatures
  Ijyb (D:3)
  4 adders (D:2)
  A worm (D:3)
  5 giant geckos
  2 orcs (D:3)
  A ball python (D:3)
  A giant cockroach (D:2)
  6 hobgoblins
  4 bats
  A giant newt (D:3)
  7 goblins
  4 kobolds
  4 rats (D:1)
41 creatures vanquished.

Notes
Turn   | Place    | Note
--------------------------------------------------------------
     0 | D:1      | M4edhros the Octopode Monk began the quest for the Orb.
     0 | D:1      | Reached XP level 1. HP: 16/16 MP: 1/1
   142 | D:1      | Reached XP level 2. HP: 21/21 MP: 2/2
   629 | D:2      | Reached XP level 3. HP: 23/26 MP: 3/3
   735 | D:2      | Reached skill level 5 in Unarmed Combat
   795 | D:2      | Reached XP level 4. HP: 29/31 MP: 4/4
  1037 | D:3      | Noticed Ijyb
  1050 | D:3      | Killed Ijyb
  1102 | D:3      | Found a shattered altar of Ashenzari.
  1236 | D:3      | Reached skill level 6 in Unarmed Combat
  1426 | D:3      | Found a blossoming altar of Fedhas.
  1525 | D:3      | Found a stormy altar of Qazlal.
  1694 | D:3      | Noticed Crazy Yiuf
  1703 | D:3      | HP: 1/31 [Crazy Yiuf/quarterstaff of chaos (9)]
  1703 | D:3      | Slain by Crazy Yiuf

Vault maps used:
D:1:      dpeg_arrival_water_altar, minmay_box_of_dots
D:3:      lemuel_coloured_pillars_altar, lemuel_round_altar,
          kennysheep_small_spiral, fedhas_altar_4, uniq_iyjb,
          uniq_crazy_yiuf_cottage

Action                   |  1- 3 |  4- 6 || total
-------------------------+-------+-------++-------
Melee: Unarmed           |    54 |    31 ||    85
  Use: Potion            |     1 |     1 ||     2
 Stab: Sleeping          |     8 |     4 ||    12
       Distracted        |     1 |       ||     1
  Eat: Bread ration      |       |     1 ||     1
